 Dungeon Crawl Stone Soup version 0.25-a0-458-g6fc7858b95 (webtiles) character file.

Game seed: 15100160367128698608, levelgen mode: deterministic

56 Error4North the Skirmisher (level 3, 0/33 HPs)
             Began as a Hill Orc Fighter on Feb 1, 2020.
             Succumbed to an adder's poison
             ... on level 2 of the Dungeon.
             The game lasted 00:04:15 (968 turns).

Error4North the Skirmisher (Hill Orc Fighter)        Turns: 968, Time: 00:04:16

Health: 0/33       AC:  9    Str: 19    XL:     3   Next: 95%
Magic:  4/4        EV:  7    Int:  8    God:
Gold:   85         SH:  9    Dex: 10    Spells: 3/3 levels left

rFire    . . .     SeeInvis .   a - +0 war axe
rCold    . . .     Gourm    .   c - +0 shield
rNeg     . . .     Faith    .   b - +0 scale mail
rPois    .         Spirit   .   j - +0 helmet
rElec    .         Reflect  .   (no cloak)
rCorr    .         Harm     .   k - +0 pair of gloves (curse)
MR       .....                  (no boots)
Stlth    ..........             (no amulet)
HPRegen  0.11/turn              (no ring)
MPRegen  0.09/turn              (no ring)

@: lethally poisoned (0 -> -3)
A: no striking features
a: no special abilities


You were on level 2 of the Dungeon.
You were hungry.

You visited 1 branch of the dungeon, and saw 2 of its levels.

You collected 85 gold pieces.

Inventory:

Hand Weapons
 a - a +0 war axe (weapon)
Armour
 b - a +0 scale mail (worn)
 c - a +0 shield (worn)
 j - a +0 helmet (worn)
 k - a cursed +0 pair of gloves (worn)
Scrolls
 h - 4 scrolls of identify {unknown}
 l - a scroll of enchant weapon {unknown}
 m - a scroll of enchant armour {unknown}
Potions
 d - a potion of might
 e - 2 potions of curing {unknown}
 i - 2 potions of heal wounds {unknown}
 n - a potion of flight {unknown}
Comestibles
 f - 3 rations
 g - 3 chunks of flesh


   Skills:
 + Level 3.9 Fighting
 + Level 3.4 Axes
 * Level 3.8 Armour
 * Level 3.8 Shields
 * Level 0.8 Spellcasting


You had 3 spell levels left.
You didn't know any spells.
Your spell library was empty.

Dungeon Overview and Level Annotations

Branches:
Dungeon (2/15)

Altars:


Message History

You barely miss the gnoll. You block the gnoll's attack. x2
You barely miss the gnoll.
The gnoll hits you from afar with a +0 halberd.
The gnoll hits you with a +0 flail.
You slash the gnoll!
The gnoll is severely wounded.
You block the gnoll's attack. x2
The gnoll hits you from afar with a +0 halberd!
* * * LOW HITPOINT WARNING * * *
The gnoll hits you but does no damage.
You hit the gnoll.
The gnoll is almost dead.
The gnoll barely misses you. You block the gnoll's attack.
An adder comes into view.
The adder hisses angrily.
The adder bites you.
* * * LOW HITPOINT WARNING * * *
You are lethally poisoned!
The adder poisons you!
You die...

.......[.###### ####.....#
... #.....# ##.........
####.....######...........
...>...............>......
....#.....................
..#.......................
................#.........#
..........@.....##.........
#........#S...#...........#
##.##..#...g....##.#.....#
#. #......g##..##.###....
....#.##.##.........##
.........###.#......##
......#...#.........##
.....................#
..######..#............


You could see 2 gnolls and an adder.

Vanquished Creatures
  A gnoll (D:2)
  A worm (D:2)
  2 dart slugs
  2 leopard geckos (D:1)
  5 hobgoblins
  4 jackals (D:1)
  4 bats
  12 frilled lizards
  4 goblins (D:1)
  2 kobolds (D:1)
  3 rats (D:1)
40 creatures vanquished.

Notes
Turn   | Place    | Note
-------+----------+-------------------------------------------
     0 | D:1      | Error4North the Hill Orc Fighter began the quest for the
                  | Orb.
     0 | D:1      | Reached XP level 1. HP: 19/19 MP: 1/1
    24 | D:1      | Reached XP level 2. HP: 25/27 MP: 2/2
   320 | D:1      | Reached XP level 3. HP: 31/33 MP: 3/3
   967 | D:2      | HP: 1/33 [adder (3)]
   968 | D:2      | Succumbed to an adder's poison

Levels and vault maps discovered:
D:1:      lightli_molten_gateway, layout_basic, minmay_lizard_king
D:2:      layout_rooms

Skill      XL: |  1  2  3 |
---------------+----------+-----
Axes           | 3 |  3.4
Fighting       | |  3.9
Armour         | |  3.8
Shields        | |  3.8
Spellcasting   | |  0.8

Action                   || total
-------------------------++-------
Melee: War axe           ||   137
Armor: Scale mail        ||    65
Dodge: Dodged            ||    49
Block: Shield            ||    76

Table legend:
 A = Non-vault XP
 B = Vault XP
 C = Vault XP percentage of total XP
 D = Non-vault monster count
 E = Vault monster count
 F = Vault count percentage of total count
                 A         B        C        D         E       F
            +---------+---------+-------+---------+---------+-------
      Total |      68 |      12 |  15.0 |      30 |      10 |  25.0
            +---------+---------+-------+---------+---------+-------
        D:1 |      40 |      12 |  23.1 |      23 |      10 |  30.3
        D:2 |      28 |       0 |   0.0 |       7 |       0 |   0.0
            +---------+---------+-------+---------+---------+-------
